 Dungeon Crawl Stone Soup version bcrawl-1.37.2 (webtiles) character file.

Game seed: 9020818723499367947

8053791 zoran the Hellbinder (level 26, -12/221 HPs)
             Began as a Grey Draconian Sloth Apostle on Dec 30, 2022.
             Was the Champion of Cheibriados.
             Killed from afar by an ancient lich (54 damage)
             ... with a bolt of lightning
             ... on level 5 of the Realm of Zot on Jan 1, 2023.
             The game lasted 04:36:50 (63177 turns).

zoran the Hellbinder (DrSA)                        Turns: 63177, Time: 04:36:51

Health: -12/221    AC: 26    Str: 36      XL:     26   Next: 89%
Magic:  13/39      EV: 23    Int: 37 (38) God:    Cheibriados [******]
Gold:   3615       SH: 12    Dex: 19      Spells: 3/49 levels left

rFire    + + +     GDR:     30% k - staff of summoning
rCold    + + +     SeeInvis +   n - +3 buckler {reflect}
rNeg     + . .     Gourm    .   (armour unavailable)
rPois    .         Faith    .   Y - +2 hat {MR+}
rElec    .         Spirit   .   S - +0 cloak
rCorr    .         Reflect  +   J - +2 pair of gloves of Cowardice {rC++}
MR       ++...     Clarity  +   L - +2 pair of boots
Stlth    ++++......             r - amulet of Wixzuet {RegenMP rF+ Slay+2 Stlth+}
HPRegen  0.46/turn              K - ring "Owung" {rC+ rN+ Str+6 Int+2 Dex-5}
MPRegen  0.80/turn              b - ring "Qiqaitun" {*Contam +Fly rF+++ Dex-5 SInv}

@: exhausted, studying 3 skills, very slow
A: walk through water, unfitting armour, berserk 1, unbreathing, cold-blooded,
AC +17
}: 3/15 runes: decaying, slimy, gossamer
a: Bend Time, Defer, Temporal Distortion, Step From Time, Renounce Religion,
Evoke Flight


You were on level 5 of the Realm of Zot.
You worshipped Cheibriados.
Cheibriados was exalted by your worship.
You were not hungry.

You visited 11 branches of the dungeon, and saw 47 of its levels.
You also visited: Ossuary and Bailey.

You collected 8614 gold pieces.
You spent 4999 gold pieces at shops.

Inventory:

Hand Weapons
 w - a +9 blowgun
Missiles
 m - 4 throwing nets (quivered) {=f}
 x - 174 curare-tipped needles
Armour
 n - a +3 buckler of reflection (worn)
 J - the +2 pair of gloves of Cowardice (worn) {rC++}
   (You found it on level 3 of the Elven Halls)

   It greatly protects you from cold.
 L - a +2 pair of boots (worn)
 S - a +0 cloak (worn)
 Y - a +2 hat of magic resistance (worn)
Magical Staves
 k - an uncursed staff of summoning (weapon)
Jewellery
 b - the ring "Qiqaitun" (right hand) {*Contam +Fly rF+++ Dex-5 SInv}
   (You acquired it on level 11 of the Dungeon)

   [ring of flight]

   It affects your dexterity (-5).
   It renders you almost immune to fire.
   It lets you see invisible.
   It lets you fly.
   It causes magical contamination when unequipped.
 l - an uncursed ring of resist corrosion
 r - the amulet of Wixzuet (around neck) {RegenMP rF+ Slay+2 Stlth+}
   (You acquired it on level 2 of the Spider Nest)

   [amulet of magic regeneration]

   It increases your magic regeneration.
   It affects your accuracy and damage with ranged weapons and melee attacks
   (+2).
   It protects you from fire.
   It makes you more stealthy.
 K - the ring "Owung" (left hand) {rC+ rN+ Str+6 Int+2 Dex-5}
   (You found it on level 5 of the Lair of Beasts)

   [ring of positive energy]

   It affects your strength (+6).
   It affects your intelligence (+2).
   It affects your dexterity (-5).
   It protects you from cold.
   It protects you from negative energy.
 M - an uncursed ring of insulation
Wands
 a - a wand of clouds (6)
 c - a wand of paralysis (4)
 j - a wand of polymorph (46)
 I - a wand of acid (3)
 T - a wand of digging (24)
 U - a wand of scattershot (7)
 Z - a wand of iceblast (27)
Scrolls
 g - 7 scrolls of fear
 t - 8 scrolls of immolation
 y - 10 scrolls of teleportation
 C - 25 scrolls of remove curse
 G - 2 scrolls of summoning
 N - a scroll of amnesia
 P - 7 scrolls of silence
 V - 2 scrolls of blinking
Potions
 d - 7 potions of magic
 f - 10 potions of curing
 i - 6 potions of ambrosia
 o - 4 potions of resistance
 p - 4 potions of cancellation
 s - 7 potions of flight
 v - 2 potions of agility
 z - 4 potions of heal wounds
 A - 5 potions of lignification
 E - 7 potions of mutation
 F - 4 potions of invisibility
 O - 5 potions of brilliance
Miscellaneous
 q - a phial of floods (inert)
 B - 2 boxes of beasts
 D - a lamp of fire
 Q - a fan of gales (2/2)
 R - a sack of spiders (inert)
 W - a lightning rod (4/4)
Comestibles
 e - 31 rations {!d}


   Skills:
 - Level 15.0 Fighting
   Level 5.0 Long Blades
   Level 12.0 Slings
 + Level 13.7 Dodging
 - Level 5.0 Stealth
 - Level 12.0 Shields
 - Level 12.0 Spellcasting
 - Level 10.0 Hexes
 - Level 6.0 Charms
 O Level 27 Summonings
 - Level 8.0 Translocations
 - Level 12.0 Transmutations
   Level 5.0 Fire Magic
 - Level 12.0 Poison Magic
 - Level 12.0 Invocations
 - Level 13.0 Evocations


You had 3 spell levels left.
You knew the following spells:

 Your Spells              Type           Power        Failure   Level  Hunger
b - Malign Gateway        Summ/Tloc      ########..   1%          7    None
c - Summon Horrible Thin  Summ           ########..   1%          8    None
g - Aura of Abjuration    Summ           ########..   0%          6    None
l - Blink                 Tloc           N/A          1%          2    None
r - Regeneration          Chrm/Necr      #####.....   2%          3    None
s - Infestation           Hex/Tmut/Pois  #######..    4%          6    ####...
x - Summon Forest         Summ/Tloc      ########..   1%          5    None
y - Dragon's Call         Summ           ########..   4%          9    None

Your spell library contained the following spells:

 Spells                   Type           Power        Failure   Level  Hunger
 Summon Butterflies       Summ           ########     0%          1    None
 Summon Small Mammal      Summ           ####         0%          1    None
 Call Imp                 Summ           ######       0%          2    None
 Call Canine Familiar     Summ           ########     0%          3    None
 False Image              Hex/Summ       ########     0%          3    None
 Recall                   Summ/Tloc      N/A          0%          3    None
 Apportation              Tloc           ######       1%          1    None
 Beastly Appendage        Tmut           ######       1%          1    None
 Blink Other              Tloc           ######       1%          1    None
 Corona                   Hex            #######      1%          1    None
 Infusion                 Chrm           ######..     1%          1    None
 Slow                     Hex            #######.     1%          1    None
 Sting                    Conj/Pois      ####         1%          1    None
 Ensorcelled Hibernation  Hex/Ice        ######       1%          2    None
 Passwall                 Tmut/Erth      ######..     1%          2    None
 Poisonous Vapours        Pois/Air       ######       1%          2    None
 Shackle                  Hex            #######.     1%          2    None
 Song of Slaying          Chrm           ######..     1%          2    None
 Sticks to Snakes         Tmut           #######.     1%          2    None
 Swiftness                Chrm/Air       #####...     1%          2    None
 Throw Frost              Conj/Ice       ###...       1%          2    None
 Confuse                  Hex            #######.     1%          3    None
 Dazzling Orbs            Conj/Hex       ######.      1%          3    None
 Ignite Poison            Fire/Tmut/Pois #######.     1%          3    None
 Inner Flame              Hex/Fire       N/A          1%          3    None
 Mephitic Cloud           Conj/Pois/Air  ######..     1%          3    None
 Portal Projectile        Tloc           ######       1%          3    None
 Spectral Weapon          Hex/Chrm       ######..     1%          3    None
 Spider Form              Tmut/Pois      ###          1%          3    None
 Teleport Other           Tloc           ######..     1%          3    None
 Freeze                   Ice            ###...       2%          1    None
 Magic Dart               Conj           ###.         2%          1    None
 Necrotize                Necr           ###...       2%          1    None
 Sandblast                Erth           ###...       2%          1    None
 Static Discharge         Air            ###...       2%          1    None
 Conjure Flame            Conj/Fire      #####...     2%          3    None
 Ozocubu's Armour         Chrm/Ice       #####...     2%          3    None
 Corpse Rot               Necr           N/A          4%          2    None
 Searing Ray              Conj           ###.....     4%          2    None
 Shock                    Conj/Air       ###....      4%          2    None
 Sublimation of Blood     Necr           ###.......   4%          2    None
 Stone Arrow              Conj/Erth      ###...       8%          3    None
 Vampiric Draining        Necr           ###.......   8%          3    None
 Summon Scorpions         Summ/Pois      ########     0%          4    None
 Summon Hydra             Summ           ########..   0%          6    None
 Cause Fear               Hex            #######...   1%          4    None
 Olgreb's Toxic Radiance  Pois           #######..    1%          4    None
 Summon Ice Beast         Ice/Summ       ########     1%          4    None
 Tree Form                Hex/Tmut       N/A          1%          4    None
 Yara's Violent Unravell  Hex/Tmut       #######...   1%          4    None
 Blade Hands              Tmut           #######...   1%          5    ##.....
 Summon Lightning Spire   Summ/Air       ########     1%          5    None
 Monstrous Menagerie      Summ           ########..   1%          7    None
 Shadow Creatures         Summ           N/A          1%          7    None
 Summon Greater Demon     Summ           ########..   1%          7    None
 Ice Form                 Ice/Tmut       ######..     2%          4    None
 Petrify                  Tmut/Erth      ######....   2%          4    None
 Passage of Golubria      Tloc           N/A          2%          5    ##.....
 Fulminant Prism          Conj/Hex       ######....   3%          4    None
 Virulence                Hex/Pois       #######.     4%          6    ####...
 Piercing Shot            Chrm           ######....   6%          5    ##.....
 Venom Bolt               Conj/Pois      ######....   6%          5    ##.....
 Darkness                 Hex            #######...   7%          6    ####...
 Haunt                    Necr/Summ      ########..   9%          7    None
 Spellforged Servitor     Conj/Summ      ########..   9%          7    None
 Sticky Flame             Conj/Fire      #####...     10%         4    None
 Metabolic Englaciation   Hex/Ice        ######....   10%         5    ##.....
 Silence                  Hex/Air        ######....   10%         5    ##.....
 Agony                    Necr           ###.....     26%         4    None
 Animate Dead             Necr           N/A          26%         4    None
 Lightning Bolt           Conj/Air       ###.....     26%         4    None
 Throw Icicle             Conj/Ice       ###.....     26%         4    None
 Poison Arrow             Conj/Pois      ######....   34%         6    ####...
 Dispel Undead            Necr           ###.....     58%         5    ##.....
 Freezing Cloud           Ice/Air        ###.....     58%         5    ##.....
 Death Channel            Chrm/Necr      #####.....   75%         6    ####...
 Borgnjor's Vile Clutch   Necr/Erth      ###.......   99%         6    ####...
 Conjure Ball Lightning   Conj/Air       ###.......   99%         6    ####...
 Ozocubu's Refrigeration  Ice            ###.......   99%         6    ####...
 Simulacrum               Ice/Necr       ###.....     99%         6    ####...
 Icicle Burst             Conj/Ice       ###.......   100%        7    ######.
 Orb of Destruction       Conj           ###.......   100%        7    ######.
 Chain Lightning          Conj/Air       ###.......   100%        8    #######
 Ignition                 Fire           ######....   100%        8    #######
 Necromutation            Tmut/Necr      ######..     100%        8    #######
 Time Stop                Chrm/Tloc      N/A          100%        8    #######
 Tornado                  Tloc/Air       ######....   100%        8    #######
 Shatter                  Erth           ###.......   100%        9    #######


Dungeon Overview and Level Annotations

Branches:
Dungeon (12/12)            Temple (0/1) D:4            Lair (6/6) D:9
  Swamp (3/3) Lair:2       Spider (3/3) Lair:3        Slime (5/5) Lair:6
    Orc (1/1) D:11            Elf (3/3) Orc          Vaults (2/3) D:12
  Crypt (2/2) Vaults:2       Tomb (0/3) Crypt:2      Depths (5/5) D:12
    Zot (5/5) Depths:5

Altars:
Dithmenos
Fedhas
Kikubaaqudgha
Nemelex Xobeh
Okawaru
Trog
Uskayaw
Wu Jian
Yredelemnul
The Shining One
Jiyva

Shops:
D:7 (   Orc [(*:[   Elf:2 !?=%   Elf:3 =}}   Vaults:1 !

Portals:
Hell: Depths:1 Depths:2 Depths:3 Depths:4 Depths:5
Abyss: Depths:4
Pandemonium: Depths:3
Ziggurat: Depths:1

Annotations:
D:12 2 transporters, icckedyourdad's ghost, journeyman OnWz
Spider:3 exclusion: orange crystal statue
Crypt:1 2 transporters, zoran's ghost, adept SpRg
Depths:1 4 runed doors
Depths:2 2 transporters
Depths:5 3 runed doors
Zot:1 2 transporters, Mehrunes's ghost, master DrCj


Innate Abilities, Weirdness & Mutations

You can walk through water.
Your dull iron-grey scales are very hard. (AC +17)
You cannot fit into any form of body armour.
You can survive without breathing.
You are cold-blooded and may be slowed by cold attacks.
You tend to lose your temper in combat.


Message History

The bolt of lightning hits you!!
* * * LOW HITPOINT WARNING * * *
The bolt of lightning hits your large abomination!!!
Your large abomination is destroyed!
Casting: Summon Horrible Things (safe; 1% risk of failure)
Confirm with . or Enter, or press ? or * to list all spells.
You feel a surge of power!
The ancient lich touches your large abomination but does no damage.
The ancient lich casts a spell.
The ancient lich seems to speed up.
The ancient lich touches your large abomination!
Your large abomination hits the ancient lich but does no damage.
You feel much better.
The ancient lich touches your large abomination.
Your large abomination hits the ancient lich but does no damage.
Your large abomination hits the ancient lich!
The ancient lich points at you and mumbles some strange words.
The bolt of lightning hits your large abomination!!!
The bolt of lightning hits you!!!
You die...

........# #.≈≈§≈§........
<.......# ########..............
#'####### #......###########'###
#.# #.....♣# #.### #.####
#......# #.##.
#....#######......♣♣ #....
##.#.......'.......# ##.##
*#####▓▓▓▓########|#####♣♣# ▓▓#*
.....## #...XX@XX.......# **,
..^...## ##..LXXXX......♣* **,,
.......♣♣ #..X..........♣ **,,,
........# ##...........♣♣ *,...
.....^..♣ #...L.......# #^...
).......♣ ##...........♣# #....
........♣ ♣.............♣ #....
...^.^..♣ ##.............♣# *....
........♣##...............##*....


You could see 2 ancient liches, 3 friendly tentacled monstrosities and 6
friendly large abominations.

Vanquished Creatures
  Saint Roka (Vaults:1)
  Arachne (Spider:2)
  Frederick (Vaults:2)
  Nikola (Swamp:2)
  Asterion (Spider:2)
  A lich (Crypt:2)
  An ancient champion (Crypt:2)
  Agnes (Spider:2)
  5 ghouls
  4 thorn hunters
  Kirke (Swamp:2)
  3 frost giants
  4 ghost moths
  2 vault wardens (Vaults:1)
  An emperor scorpion (Spider:3)
  Louise (Spider:2)
  A very ugly thing (Vaults:1)
  A reaper (Crypt:2)
  2 ironheart preservers
  A stone giant (Vaults:2)
  A vampire knight (Swamp:3)
  An entropy weaver (Spider:3)
  2 spark wasps
  A blizzard demon (Depths:1)
  3 ettins
  A fire dragon (Lair:6)
  2 jiangshi
  Erolcha (D:11)
  3 ice dragons
  2 yaktaur captains
  5 ogre magi
  10 hydras
  4 shambling mangroves
  A great orb of eyes (Depths:2)
  A shadow wraith (Crypt:2)
  12 alligators
  4 ghost crabs (Swamp:3)
  2 dancing weapons (D:12)
  A death knight (Crypt:1)
  A vampire mage (Crypt:2)
  3 tengu warriors
  15 two-headed ogres
  A spriggan berserker (Depths:3)
  An orc high priest (Orc)
  A titan zombie (Crypt:1)
  A storm dragon zombie (Crypt:1)
  A deep elf knight (Vaults:2)
  4 deep trolls
  A fire crab (shapeshifter) (Vaults:1)
  9 skeletal warriors
  15 centaur warriors
  4 death drakes
  An unseen horror (D:9)
  An infernal demonspawn (Depths:3)
  A shadow dragon zombie (Crypt:1)
  2 spectral hydras (Swamp:3)
  4 spriggan druids
  3 glowing orange brains
  An anaconda zombie (Swamp:3)
  A deep elf archer (Vaults:2)
  6 swamp dragons
  An orc knight (D:12)
  3 flayed ghosts
  An ironheart convoker (Vaults:1)
  4 cyclopes
  3 phantasmal warriors
  5 deep elf magi
  A necromancer (Depths:2)
  5 orb spiders
  An orc sorcerer (Vaults:1)
  2 anaconda skeletons (Swamp:3)
  18 wolf spiders
  5 ugly things
  A stone giant skeleton (Crypt:2)
  5 moths of wrath
  A vault sentinel (Vaults:1)
  4 elephants (Lair:6)
  10 will-o'-wisps
  2 black mambas
  14 cane toads
  3 gargoyles
  12 demonic crawlers
  6 yaktaurs
  13 jumping spiders
  2 torpor snails
  3 freezing wraiths
  A kobold demonologist (D:10)
  6 komodo dragons
  An eye of draining (Lair:6)
  5 rime drakes
  A flying skull (Crypt:1)
  4 guardian mummies (Crypt:2)
  A grey draconian skeleton (Crypt:1)
  An efreet (D:11)
  A queen bee (Spider:2)
  A wind drake (shapeshifter) (Vaults:2)
  3 meliai (Spider:2)
  10 polar bears (Lair:6)
  12 trolls
  9 tyrant leeches
  An iron troll skeleton (Crypt:1)
  10 hornets
  24 blink frogs
  8 dream sheep (Lair:6)
  3 harpy skeletons
  3 raiju (Lair:6)
  11 slime creatures
  8 hippogriffs
  6 bog bodies
  A shadow (Vaults:2)
  4 wraiths
  Eustachio (D:4)
  7 spriggans
  50 yaks
  A water elemental (Depths:3)
  3 hogs (D:10)
  13 tarantellas
  A wyvern (D:11)
  A human (D:10)
  2 steam dragons (Lair:6)
  5 basilisks
  A black mamba skeleton (Crypt:1)
  37 redbacks
  21 vampire mosquitoes
  2 hungry ghosts
  6 wargs (Lair:6)
  11 swamp worms
  A torturous demonspawn zombie (Crypt:2)
  An acid dragon (D:11)
  12 hell hounds (Lair:6)
  12 crocodiles
  10 water moccasins
  Duvessa (D:4)
  A floating eye (Lair:6)
  4 porcupines
  13 swamp drakes
  28 orc warriors
  12 black bears
  2 ice beasts
  3 sky beasts
  5 boggarts
  2 necrophages
  4 phantoms
  31 ogres
  18 wolves
  2 kobold brigands
  9 bullfrogs
  13 centaurs
  2 gnoll sergeants
  8 scorpions
  Dowan (D:4)
  15 killer bees
  3 spriggan skeletons (D:9)
  15 wights
  A troll skeleton (D:9)
  2 howler monkeys (D:9)
  14 orc priests
  6 electric eels
  9 crimson imps
  5 hounds
  A demonspawn zombie (Crypt:2)
  A bullfrog skeleton (D:6)
  2 jellies
  A quasit (D:5)
  A basilisk zombie (Crypt:2)
  An iron imp (Depths:3)
  20 orc wizards
  A basilisk skeleton (Crypt:1)
  7 iguanas
  9 worker ants
  2 human simulacra (D:10)
  2 hound skeletons
  8 mummies
  Robin (D:4)
  16 gnolls
  A centaur zombie (Ossuary)
  13 adders
  A worker ant zombie (D:8)
  2 centaur skeletons (D:9)
  2 shadow imps
  An ooze (D:5)
  An adder zombie (D:6)
  6 worms
  A barachi skeleton (Crypt:2)
  A dart slug (D:1)
  6 leopard geckos
  108 orcs
  5 bats
  5 giant cockroaches
  11 hobgoblins
  4 jackals (D:4)
  23 kobolds
  5 quokkas
  A ball python skeleton (Crypt:2)
  A gnoll zombie (Ossuary)
  20 goblins
  3 hobgoblin zombies (Ossuary)
  2 kobold zombies (Ossuary)
  An orc zombie (Ossuary)
  A quokka skeleton (Crypt:1)
  6 rats
  A fungus (Lair:6)
1160 creatures vanquished.

Vanquished Creatures (collateral kills)
  the Royal Jelly (Slime:5)
  8 orbs of fire
  2 juggernauts
  6 ancient liches
  Mara (Depths:1)
  A greater mummy (Crypt:1)
  3 Killer Klowns
  A golden dragon (Zot:2)
  4 curse toes
  3 rockslimes
  A profane servitor (Crypt:2)
  the Enchantress (Depths:4)
  A bone dragon (Zot:2)
  4 electric golems
  2 liches
  4 tentacled monstrosities
  10 Orb Guardians (Zot:5)
  3 quicksilver dragons (Zot:4)
  2 deep elf blademasters
  2 deep elf master archers (Elf:3)
  3 eldritch tentacles
  9 ancient champions
  24 acid blobs
  3 sphinxes
  9 storm dragons
  7 shadow dragons
  6 death cobs
  6 ghouls
  A thorn hunter (Swamp:3)
  5 tengu reavers
  6 frost giants
  A draconian monk (Zot:2)
  5 deep elf sorcerers
  3 draconian knights
  10 azure jellies
  4 fire giants
  An orc warlord (Vaults:2)
  A vault warden (Vaults:2)
  2 emperor scorpions (Spider:3)
  3 deep elf elementalists (Elf:3)
  4 iron dragons
  5 draconian shifters
  6 ghost moths
  2 hydra zombies
  7 draconian stormcallers
  A draconian scorcher (Zot:5)
  The ghost of foxfromabyss the Brawler, a journeyman TrMA of Wu Jian (Lair:6)
  4 very ugly things
  5 ironheart preservers
  7 spriggan defenders
  2 draconian annihilators
  12 stone giants
  8 black draconians
  4 vampire knights
  3 deep elf demonologists
  An eye of devastation (Zot:4)
  6 green draconians
  7 deep elf annihilators
  5 spark wasps
  6 purple draconians
  10 white draconians
  4 yellow draconians
  6 red draconians
  2 entropy weavers
  2 eidola
  5 ettins
  9 deep elf death magi
  The ghost of Sadonosm the Carver, a journeyman DgSk (Lair:3)
  A mummy priest (Crypt:2)
  A merfolk javelineer (Depths:4)
  12 fire dragons
  2 quicksilver dragon zombies (Crypt:1)
  4 jiangshi
  3 deep elf high priests
  A rakshasa (Depths:3)
  10 yaktaur captains
  2 hydras (Lair:3)
  A hell beast (Depths:3)
  3 ice dragons
  5 spriggan air magi
  4 ogre magi
  3 shambling mangroves (Swamp:3)
  3 shadow wraiths
  A ghost crab (Swamp:3)
  5 great orbs of eyes
  11 death oozes
  25 dancing weapons
  5 tengu warriors
  An orc high priest (Elf:1)
  2 vampire magi
  3 deep troll earth magi
  2 deep troll shamans
  13 two-headed ogres
  5 spriggan berserkers
  7 spriggans
  A titan skeleton (Crypt:2)
  4 soul eaters
  7 hell knights
  25 deep elf knights
  7 deep trolls
  A salamander mystic (Depths:5)
  3 iron trolls (Depths:5)
  A swamp dragon (Swamp:3)
  An entropy weaver zombie (Crypt:2)
  22 centaur warriors
  A glowing orange brain (Depths:3)
  3 skeletal warriors
  9 phantasmal warriors
  4 wizards
  3 spectral hydras (Swamp:3)
  9 deep elf archers
  A flayed ghost (Swamp:3)
  An obsidian statue (Depths:1)
  A cyclops (Vaults:2)
  An ironheart convoker (Vaults:2)
  4 necromancers
  6 orb spiders (Spider:3)
  4 wolf spiders (Spider:3)
  7 shining eyes
  66 deep elf magi
  A fire giant zombie (Crypt:2)
  3 salamanders (Depths:5)
  An orc sorcerer (Elf:1)
  21 ugly things
  20 moths of wrath
  A fire giant skeleton (Crypt:1)
  2 stone giant zombies (Crypt:1)
  5 vault sentinels
  2 will-o'-wisps (Swamp:3)
  A catoblepas zombie (Crypt:1)
  An orange demon (Depths:1)
  A dire elephant skeleton (Crypt:1)
  A komodo dragon (shapeshifter) (Depths:5)
  6 jumping spiders (Spider:3)
  A rime drake (Lair:3)
  An eye of draining (shapeshifter) (Vaults:2)
  25 yaktaurs
  3 freezing wraiths
  2 flying skulls (Crypt:1)
  3 ice devils
  5 hellwings
  8 guardian mummies
  2 wandering mushrooms (Swamp:3)
  8 red devils
  A tyrant leech (Swamp:3)
  10 hornets
  2 harpy zombies
  A wind drake (shapeshifter) (Elf:2)
  91 slime creatures
  An alligator zombie (Crypt:1)
  A fire dragon zombie (Crypt:2)
  An ice dragon zombie (Crypt:1)
  2 bog bodies
  A raiju (shapeshifter) (Elf:2)
  An ettin skeleton (Crypt:2)
  4 shadows
  A fire dragon skeleton (Crypt:1)
  11 water elementals
  An air elemental (Elf:1)
  3 tarantellas (Spider:3)
  A fire elemental (Elf:3)
  2 wraiths (Crypt:1)
  A human (shapeshifter) (Vaults:2)
  An alligator skeleton (Crypt:1)
  15 golden eyes
  9 redbacks
  A yaktaur simulacrum (Vaults:2)
  3 vampire mosquitoes (Swamp:3)
  A chaos spawn (Depths:3)
  A warg (Vaults:2)
  A catoblepas simulacrum (Crypt:1)
  A torturous demonspawn zombie (Crypt:1)
  A swamp worm (Swamp:3)
  A hydra simulacrum (Crypt:1)
  A crocodile (Lair:3)
  2 hell hounds (Depths:2)
  A crocodile (shapeshifter) (Depths:3)
  A floating eye (Depths:4)
  5 orc warriors (Vaults:2)
  A swamp drake (Swamp:3)
  2 necrophages
  2 snapping turtle zombies (Crypt:1)
  9 ogres
  A bullfrog (Lair:3)
  A warg skeleton (Crypt:1)
  An orc priest (Vaults:2)
  6 crimson imps
  2 quasits (Depths:3)
  An orc wizard (Vaults:2)
  3 iron imps
  A deep dwarf zombie (Crypt:1)
  5 mummies (Crypt:1)
  A howler monkey zombie (Crypt:2)
  3 shadow imps
  2 white imps (Depths:1)
  2 ufetubi (Depths:3)
  2 orcs (Vaults:2)
  10 plants
991 creatures vanquished.

Vanquished Creatures (others)
  7 eldritch tentacles
  A tengu reaver (Depths:3)
  A spark wasp (Depths:5)
  3 spriggan air magi
  A shadow wraith (Vaults:1)
  4 centaur warriors
  A deep elf archer (Vaults:2)
  2 cyclopes
  2 deep elf magi
  An orc sorcerer (Vaults:1)
  A cane toad (Lair:6)
  A yaktaur (Depths:4)
  A hornet (Swamp:1)
  A troll (Vaults:1)
  A bog body (Swamp:2)
  5 humans (Swamp:2)
  A vampire mosquito (Swamp:2)
  2 orc warriors (Vaults:1)
  2 ogres (Vaults:1)
  A centaur (Bailey)
  A killer bee (Spider:2)
  An orc wizard (D:5)
  3 orcs (Vaults:1)
  2 briar patches (Swamp:1)
  2 bushes (Lair:6)
  15 fungi
  86 plants
  22 snaplasher vines
171 creatures vanquished.

Grand Total: 2322 creatures vanquished

Notes
Turn   | Place    | Note
-------+----------+-------------------------------------------
     0 | D:1      | zoran the Draconian Sloth Apostle began the quest for the
                  | Orb.
     0 | D:1      | Reached XP level 1. HP: 17/17 MP: 2/2
    72 | D:1      | Reached XP level 2. HP: 20/25 MP: 3/3
   582 | D:2      | Reached * piety under Cheibriados
   764 | D:2      | Reached XP level 3. HP: 30/30 MP: 4/4
  1398 | D:3      | Reached skill level 1 in Invocations
  1436 | D:3      | Reached skill level 1 in Dodging
  1436 | D:3      | Reached XP level 4. HP: 31/38 MP: 4/6
  1656 | D:3      | Reached XP level 5. HP: 17/45 MP: 7/7
  1838 | D:3      | Reached ** piety under Cheibriados
  2535 | D:3      | Reached XP level 6. HP: 19/51 MP: 5/9
  3029 | D:4      | Noticed Robin
  3176 | D:4      | Killed Robin
  3242 | D:4      | Found a staircase to the Ecumenical Temple.
  3403 | D:4      | Noticed Eustachio
  3497 | D:4      | Killed Eustachio
  3498 | D:4      | Your scales start taking on a dull iron-grey colour.
  3498 | D:4      | Reached XP level 7. HP: 57/57 MP: 10/10
  3498 | D:4      | Gained mutation: You can survive without breathing. [Grey
                  | Draconian growth]
  3655 | D:4      | Got a transparent hunting sling
  3666 | D:4      | Noticed Dowan
  3670 | D:4      | Noticed Duvessa
  3698 | D:4      | Found an iron altar of Okawaru.
  3946 | D:4      | Found a glowing golden altar of the Shining One.
  4047 | D:3      | Reached *** piety under Cheibriados
  4120 | D:4      | Killed Dowan
  4138 | D:4      | Killed Duvessa
  4139 | D:4      | Reached XP level 8. HP: 52/63 MP: 11/11
  4220 | D:4      | Reached skill level 5 in Shields
  4452 | D:5      | Entered Level 5 of the Dungeon
  4548 | D:5      | Found a sand-covered staircase.
  4555 | Ossuary  | Entered an ossuary
  4584 | Ossuary  | Reached skill level 5 in Evocations
  4616 | Ossuary  | Identified the +10 hunting sling of the Pillar {elec,
                  | Dex+3} (You found it on level 4 of the Dungeon)
  5353 | D:5      | Reached skill level 1 in Slings
  5605 | D:5      | Found a shadowy altar of Dithmenos.
  5917 | D:5      | Reached **** piety under Cheibriados
  6795 | D:6      | Reached skill level 5 in Dodging
  6907 | D:6      | Reached ***** piety under Cheibriados
  6955 | D:6      | Reached XP level 9. HP: 73/73 MP: 12/12
  6957 | D:6      | Reached skill level 5 in Fighting
  6958 | D:6      | Found a hide-covered altar of Uskayaw.
  7293 | D:6      | Reached skill level 5 in Long Blades
  7501 | D:6      | Found a sparkling altar of Nemelex Xobeh.
  7640 | D:7      | Found Icvewi's Weapon Shop.
  7686 | D:7      | Noticed a gargoyle
  7694 | D:7      | Killed a gargoyle
  7695 | D:7      | Reached skill level 5 in Slings
  7893 | D:7      | Learned a level 3 spell: Inner Flame
  7966 | D:7      | Reached skill level 1 in Fire Magic
  8571 | D:8      | Found a flagged portal.
  8580 | Bailey   | Entered a bailey
  8699 | Bailey   | Reached XP level 10. HP: 79/81 MP: 14/14
  9401 | D:8      | Reached ****** piety under Cheibriados
  9846 | D:9      | Noticed a skeletal warrior
  9846 | D:9      | Noticed a skeletal warrior
  9846 | D:9      | Noticed a skeletal warrior
  9848 | D:9      | Noticed a skeletal warrior
  9861 | D:9      | Killed a skeletal warrior
  9870 | D:9      | Killed a skeletal warrior
  9871 | D:9      | Reached skill level 5 in Hexes
  9875 | D:9      | Killed a skeletal warrior
  9876 | D:9      | Reached skill level 5 in Spellcasting
  9876 | D:9      | Reached skill level 5 in Fire Magic
  9877 | D:9      | Noticed a skeletal warrior
  9887 | D:9      | Killed a skeletal warrior
  9888 | D:9      | Reached XP level 11. HP: 67/86 MP: 18/18
  9896 | D:9      | Killed a skeletal warrior
 10419 | D:9      | Killed an unseen horror
 10633 | D:9      | Found a staircase to the Lair.
 10807 | D:9      | Reached skill level 10 in Slings
 10842 | D:9      | Noticed a cyclops
 10873 | D:9      | Killed a cyclops
 11032 | Lair:1   | Entered Level 1 of the Lair of Beasts
 12238 | Lair:2   | Found a hide-covered altar of Uskayaw.
 12323 | Lair:2   | Noticed a six-headed hydra
 12333 | Lair:2   | Killed a six-headed hydra
 12390 | Lair:2   | Learned a level 1 spell: Infusion
 12568 | Lair:2   | Reached XP level 12. HP: 44/93 MP: 19/19
 12661 | Lair:2   | Found a staircase to the Swamp.
 12809 | Lair:2   | Reached skill level 1 in Charms
 13373 | Lair:3   | Found a runed translucent gate.
 13373 | Lair:3   | Found a runed translucent gate.
 13374 | Lair:3   | Found a runed translucent gate.
 13888 | Lair:3   | Noticed an eight-headed hydra
 13890 | Lair:3   | Noticed an eight-headed hydra
 13890 | Lair:3   | Noticed Sadonosm's ghost (journeyman DgSk)
 14201 | Lair:3   | Found a hole to the Spider Nest.
 14508 | Lair:4   | Reached skill level 5 in Charms
 15870 | Lair:5   | Learned a level 3 spell: Regeneration
 16107 | Lair:5   | Noticed a seven-headed hydra
 16116 | Lair:5   | Killed a seven-headed hydra
 16180 | Lair:5   | Got a smoking wooden ring
 16543 | Lair:6   | Entered Level 6 of the Lair of Beasts
 16549 | Lair:6   | Reached skill level 5 in Invocations
 16589 | Lair:6   | Found a viscous altar of Jiyva.
 16592 | Lair:6   | Found a staircase to the Slime Pits.
 16592 | Lair:6   | Found a viscous altar of Jiyva.
 16649 | Lair:6   | Reached XP level 13. HP: 63/105 MP: 11/20
 16771 | Lair:6   | Learned a level 2 spell: Song of Slaying
 16861 | Lair:6   | Found an ornate altar of the Wu Jian Council.
 16933 | Lair:6   | Identified Asmodeus's Reference Book on the Entourage
 17129 | Lair:6   | Found a runed translucent door.
 17183 | Lair:6   | Noticed foxfromabyss's ghost (journeyman TrMA)
 17245 | Lair:6   | Paralysed by a floating eye for 2 turns
 17890 | Lair:6   | Noticed a fire dragon
 17909 | Lair:6   | Killed a fire dragon
 17948 | Lair:6   | Reached skill level 10 in Fighting
 17948 | Lair:6   | Reached skill level 2 in Summonings
 17948 | Lair:6   | Reached XP level 14. HP: 121/121 MP: 21/21
 17949 | Lair:6   | Reached skill level 4 in Summonings
 17949 | Lair:6   | Reached XP level 15. HP: 126/126 MP: 22/22
 18232 | Lair:6   | Reached skill level 10 in Shields
 18395 | Lair:6   | Reached skill level 10 in Dodging
 18416 | Lair:6   | Learned a level 9 spell: Dragon's Call
 18811 | D:10     | Entered Level 10 of the Dungeon
 18927 | D:10     | Reached skill level 5 in Summonings
 18992 | D:10     | Found the cursed -1 butterfly sword {speed, MR+ *Curse}
 19121 | D:10     | Reached XP level 16. HP: 115/138 MP: 20/23
 19217 | D:10     | Identified the ring "Owung" {rC+ rN+ Str+6 Int+2 Dex-5}
                  | (You found it on level 5 of the Lair of Beasts)
 19776 | D:10     | Reached skill level 6 in Summonings
 20153 | D:10     | Learned a level 6 spell: Infestation
 20607 | D:11     | Found a roughly hewn altar of Beogh.
 20607 | D:11     | Found a staircase to the Orcish Mines.
 20628 | D:11     | Reached skill level 1 in Transmutations
 20628 | D:11     | Reached skill level 1 in Poison Magic
 20882 | D:11     | Noticed Erolcha
 20888 | D:11     | Killed Erolcha
 21095 | D:12     | Entered Level 12 of the Dungeon
 21163 | D:12     | Reached skill level 7 in Summonings
 21191 | D:12     | Found a gate to the Vaults.
 21308 | D:12     | Found a staircase to the Depths.
 21399 | D:12     | Found a transporter.
 21506 | D:12     | Found a transporter.
 21511 | D:12     | Noticed icckedyourdad's ghost (journeyman OnWz)
 21754 | D:11     | Got a shimmering glass ring
 21757 | D:11     | Identified the ring "Fur Joer" {rC- rN+ Str-3 Int+8 Stlth+}
                  | (You found it on level 11 of the Dungeon)
 21826 | Orc      | Entered the Orcish Mines
 22104 | Orc      | Found Etock's Armour Shop.
 22374 | Orc      | Found a staircase to the Elven Halls.
 22419 | Orc      | Found Yfyr's General Store.
 22424 | Orc      | Found Umualalu's Antique Armour Emporium.
 22430 | Orc      | Bought a potion of agility for 44 gold pieces
 22430 | Orc      | Bought a scroll of immolation for 38 gold pieces
 22432 | Orc      | Found Peseavy's Book Shop.
 22433 | Orc      | Found Mejannem's Weapon Boutique.
 22446 | Orc      | Bought a Fen Folio for 900 gold pieces
 22504 | Orc      | Reached skill level 5 in Stealth
 22781 | Orc      | Found a bloodstained altar of Trog.
 23080 | D:7      | Bought 180 sling bullets for 216 gold pieces
 23252 | Swamp:1  | Entered Level 1 of the Swamp
 23327 | Swamp:1  | Reached skill level 8 in Summonings
 23996 | Swamp:1  | Noticed a thorn hunter
 24011 | Swamp:1  | Killed a thorn hunter
 24086 | Swamp:2  | Reached skill level 5 in Transmutations
 24086 | Swamp:2  | Reached skill level 5 in Poison Magic
 24122 | Swamp:2  | Reached XP level 17. HP: 146/146 MP: 24/24
 24392 | Swamp:2  | Noticed Kirke
 24412 | Swamp:2  | Killed Kirke
 24464 | Swamp:2  | Reached skill level 9 in Summonings
 24505 | Swamp:2  | Noticed Nikola
 24586 | Swamp:2  | Killed Nikola
 25170 | Swamp:3  | Entered Level 3 of the Swamp
 25999 | Swamp:3  | Reached skill level 10 in Summonings
 26128 | Swamp:3  | Learned a level 1 spell: Corona
 26529 | Spider:1 | Entered Level 1 of the Spider Nest
 28498 | Spider:2 | Noticed Louise
 28872 | Spider:2 | Killed Louise
 28996 | Spider:2 | Noticed Asterion
 29011 | Spider:2 | Killed Asterion
 29023 | Spider:2 | Noticed Arachne
 29289 | Spider:2 | Killed Arachne
 29290 | Spider:2 | Reached XP level 18. HP: 154/154 MP: 25/25
 29475 | Spider:2 | Identified the ring of Zef Ruim {Fire Str+2}
 29475 | Spider:2 | Noticed Agnes
 29492 | Spider:2 | Killed Agnes
 30100 | Spider:2 | Identified 4 scrolls of acquirement
 30108 | Spider:2 | Identified the +0 hat "Ymibluus" {rC+ Stlth+} (You acquired
                  | it on level 2 of the Spider Nest)
 30108 | Spider:2 | Identified the ring "Qatt" {*Contam rF+ Dex+8 Slay-6} (You
                  | acquired it on level 2 of the Spider Nest)
 30110 | Spider:2 | Identified the amulet of Wixzuet {RegenMP rF+ Slay+2
                  | Stlth+} (You acquired it on level 2 of the Spider Nest)
 30115 | Spider:2 | Identified the +1 pair of gloves of the Lich-sworn {+Inv
                  | Regen+} (You acquired it on level 2 of the Spider Nest)
 30115 | Spider:2 | Identified the ring of Yboiv {*Drain +Fly rC+ Dex+6 Slay-6}
                  | (You acquired it on level 2 of the Spider Nest)
 30117 | Spider:2 | Identified the +1 hunting sling "Heirach" {velocity, Str+2
                  | Dex+3} (You acquired it on level 2 of the Spider Nest)
 30117 | Spider:2 | Identified the +1 pair of gloves "Xuanted" {-Tele MP+9
                  | Int+3} (You acquired it on level 2 of the Spider Nest)
 30132 | Spider:2 | Reached skill level 10 in Hexes
 30176 | Spider:3 | Entered Level 3 of the Spider Nest
 30625 | Spider:3 | Reached skill level 10 in Transmutations
 30625 | Spider:3 | Reached skill level 10 in Poison Magic
 31357 | Vaults:1 | Entered Level 1 of the Vaults
 31379 | Vaults:1 | Found Toraud's Distillery.
 31379 | Vaults:1 | Noticed Saint Roka
 31395 | Vaults:1 | Killed Saint Roka
 31591 | Vaults:1 | Bought 2 potions of invisibility for 176 gold pieces
 32248 | Vaults:1 | Reached XP level 19. HP: 51/160 MP: 16/28
 32673 | Vaults:1 | Learned a level 5 spell: Summon Forest
 32770 | Vaults:1 | Reached skill level 1 in Translocations
 33128 | Vaults:1 | Identified the ring "Lilaastre" {+Fly Dex+3}
 33799 | Vaults:2 | Reached skill level 5 in Translocations
 34079 | Vaults:2 | Reached skill level 10 in Spellcasting
 34357 | Vaults:2 | Reached skill level 11 in Summonings
 34629 | Vaults:2 | Reached skill level 12 in Summonings
 34903 | Vaults:2 | Noticed Frederick
 34914 | Vaults:2 | Killed Frederick
 35046 | Vaults:2 | Found a staircase to the Crypt.
 35057 | Vaults:2 | Reached XP level 20. HP: 168/168 MP: 29/34
 35516 | D:11     | Identified the ring "Qiqaitun" {*Contam +Fly rF+++ Dex-5
                  | SInv} (You acquired it on level 11 of the Dungeon)
 35516 | D:11     | Identified Livenk's Grimoire of the Compass and Conjuration
                  | (You acquired it on level 11 of the Dungeon)
 36121 | Swamp:3  | Reached skill level 13 in Summonings
 36656 | Swamp:3  | Found a basalt altar of Yredelemnul.
 36669 | Swamp:3  | Found a blossoming altar of Fedhas.
 36862 | Swamp:3  | Learned a level 6 spell: Summon Hydra
 36889 | Swamp:3  | Got a decaying rune of Zot
 37039 | Spider:2 | Reached skill level 14 in Summonings
 37442 | Spider:3 | Got a gossamer rune of Zot
 37474 | Spider:3 | Identified the +5 great sword "Qooczy" {drain, rPois rF+
                  | Int+4}
 37999 | Crypt:1  | Entered Level 1 of the Crypt
 37999 | Crypt:1  | Found a transporter.
 38106 | Crypt:1  | Found a transporter.
 38106 | Crypt:1  | Identified the +0 leather armour of Qazlal's Benevolence
                  | {rPois MR+ Int+4}
 38108 | Crypt:1  | Noticed zoran's ghost (adept SpRg)
 38205 | Crypt:1  | Reached skill level 15 in Summonings
 38556 | Crypt:1  | Learned a level 8 spell: Summon Horrible Things
 38821 | Crypt:1  | Reached skill level 16 in Summonings
 39307 | Crypt:1  | Noticed a greater mummy
 39332 | Crypt:1  | Killed a greater mummy
 39504 | Crypt:2  | Entered Level 2 of the Crypt
 39618 | Crypt:2  | Reached skill level 17 in Summonings
 39713 | Crypt:2  | Paralysed by a sphinx for 3 turns
 39720 | Crypt:2  | Found a staircase to the Tomb.
 39849 | Crypt:2  | Reached XP level 21. HP: 157/174 MP: 35/35
 40294 | Crypt:2  | Found a basalt altar of Yredelemnul.
 40861 | Crypt:2  | Reached skill level 18 in Summonings
 40923 | Crypt:2  | Noticed a curse toe
 40933 | Crypt:2  | Killed a curse toe
 40963 | Crypt:2  | Noticed a profane servitor
 40971 | Crypt:2  | Killed a profane servitor
 41116 | Crypt:2  | Found a basalt altar of Yredelemnul.
 41121 | Crypt:2  | Found an ancient bone altar of Kikubaaqudgha.
 41148 | Crypt:2  | Identified Paurgh's Collected Works on Stolen Souls
 41152 | Crypt:2  | Identified Advanced Steps in Theurgy
 41159 | Crypt:2  | Identified Xugrewor's Disquisition on Execration (You
                  | acquired it on level 2 of the Crypt)
 41204 | Crypt:2  | Identified the +7 halberd of the Hierophant {flame, +Blink
                  | rC+ rN+ Int+4}
 41206 | Crypt:2  | Identified the cursed +2 war axe "Murr" {elec, Str+3}
 41532 | Vaults:2 | Identified the cursed +1 leather armour "Xuzun Qic" {rC+
                  | Str+4}
 41842 | Depths:1 | Entered Level 1 of the Depths
 42073 | Depths:1 | Found a large runed door.
 42074 | Depths:1 | Found a large runed door.
 42098 | Depths:1 | Found a gateway to a ziggurat.
 42100 | Depths:1 | Reached skill level 19 in Summonings
 42113 | Depths:1 | Found a large runed door.
 42113 | Depths:1 | Found a large runed door.
 42302 | Depths:1 | Noticed Mara
 42315 | Depths:1 | Killed Mara
 42373 | Depths:1 | Found a gateway to Hell.
 43085 | Depths:2 | Found a transporter.
 43093 | Depths:2 | Found a transporter.
 43147 | Depths:2 | Found the +9 staff of Wucad Mu {crush, +Abjure *Drain
                  | MP+20}
 43164 | Depths:2 | Reached skill level 20 in Summonings
 43375 | Depths:3 | Paralysed by a vampire knight for 3 turns
 43715 | Depths:3 | Reached XP level 22. HP: 105/181 MP: 23/36
 43962 | Depths:3 | Paralysed by a sphinx for 2 turns
 44479 | Depths:3 | Reached skill level 21 in Summonings
 46049 | Depths:3 | Found a one-way gate leading to the halls of Pandemonium.
 46188 | Depths:4 | Identified the +4 faerie dragon scales {*Drain +Inv rPois
                  | rF+ rCorr}
 46188 | Depths:4 | Noticed the Enchantress
 46206 | Depths:4 | Killed the Enchantress
 46212 | Depths:4 | Reached skill level 22 in Summonings
 46481 | Depths:4 | Paralysed by a floating eye for 4 turns
 46688 | Depths:4 | Noticed a juggernaut
 46697 | Depths:4 | Killed a juggernaut
 46736 | Depths:4 | Found a one-way gate to the infinite horrors of the Abyss.
 47450 | Depths:5 | Entered Level 5 of the Depths
 47558 | Depths:5 | Identified the ring of Moral Flaws {Fire Dex+3}
 47616 | Depths:5 | Reached XP level 23. HP: 111/188 MP: 22/37
 47916 | Depths:5 | Reached skill level 23 in Summonings
 47918 | Depths:5 | Identified the ring "Kecot" {Ice MR+ Dex+7}
 48045 | Depths:5 | Identified the +1 leather armour "Unkume" {rElec rC+ Str+3}
 48060 | Depths:5 | Found a runed door.
 48073 | Depths:5 | Found a gate to the Realm of Zot.
 48156 | Depths:5 | Noticed a juggernaut
 48184 | Depths:5 | Killed a juggernaut
 48345 | Depths:5 | Found a runed door.
 48389 | Depths:5 | Found a runed door.
 48439 | Depths:5 | Found a runed door.
 49247 | Elf:1    | Entered Level 1 of the Elven Halls
 49809 | Elf:1    | Identified Eplial's Guide on Creative Attacks
 50734 | Elf:2    | Identified the +8 long sword "Paloukok" {elec, rN++ Dex-5}
 50745 | Elf:2    | Found Cas Xush's Food Emporium.
 50745 | Elf:2    | Found Boletim's Distillery.
 50746 | Elf:2    | Found Qent's Jewellery Emporium.
 50788 | Elf:2    | Found Reweomin's Magic Scroll Shoppe.
 50804 | Elf:2    | Bought a scroll of brand weapon for 234 gold pieces
 50804 | Elf:2    | Bought a scroll of teleportation for 39 gold pieces
 50804 | Elf:2    | Bought a scroll of fear for 65 gold pieces
 50804 | Elf:2    | Bought a scroll of teleportation for 39 gold pieces
 50804 | Elf:2    | Bought a scroll of magic mapping for 45 gold pieces
 50918 | Elf:2    | Found a runed gate.
 50968 | Elf:2    | Found a runed gate.
 50971 | Elf:2    | Found a runed gate.
 51725 | Elf:3    | Entered Level 3 of the Elven Halls
 51777 | Elf:3    | Identified the cursed +1 hand axe "Xieteozo" {flame, *Drain
                  | rElec rF+++ Dex-4}
 52126 | Elf:3    | Found Vepiugo's Jewellery Boutique.
 52126 | Elf:3    | Found Liczoenu's Gadget Shoppe.
 52127 | Elf:3    | Found Ypho's Gadget Shoppe.
 52137 | Elf:3    | Bought a wand of digging (7) for 272 gold pieces
 52137 | Elf:3    | Bought a wand of clouds (6) for 357 gold pieces
 52137 | Elf:3    | Bought a phantom mirror for 340 gold pieces
 52137 | Elf:3    | Bought a wand of iceblast (6) for 178 gold pieces
 52137 | Elf:3    | Bought a phantom mirror for 340 gold pieces
 52137 | Elf:3    | Bought a phantom mirror for 340 gold pieces
 52137 | Elf:3    | Bought a wand of iceblast (5) for 153 gold pieces
 52137 | Elf:3    | Bought a wand of iceblast (13) for 357 gold pieces
 52137 | Elf:3    | Bought a phantom mirror for 340 gold pieces
 52652 | Vaults:1 | Bought a potion of heal wounds for 55 gold pieces
 52652 | Vaults:1 | Bought a potion of heal wounds for 55 gold pieces
 52652 | Vaults:1 | Bought a potion of heal wounds for 55 gold pieces
 52652 | Vaults:1 | Bought a potion of heal wounds for 55 gold pieces
 52868 | Elf:2    | Bought a potion of resistance for 170 gold pieces
 52868 | Elf:2    | Bought a potion of heal wounds for 85 gold pieces
 52868 | Elf:2    | Bought a potion of lignification for 51 gold pieces
 52986 | Elf:3    | Identified the +5 falchion of Desertification {flame,
                  | Int+4}
 53000 | Elf:3    | Reached XP level 24. HP: 183/200 MP: 4/37
 53004 | Elf:3    | Reached skill level 10 in Invocations
 53243 | Elf:3    | Identified the +10 quarterstaff of Caclitzir {crush, +Rage
                  | Str+8 Int-3 Dex+4}
 53324 | Elf:3    | Reached skill level 24 in Summonings
 53357 | Elf:3    | Identified the +10 gold dragon scales of Roamn {rElec rPois
                  | rF+ rC+ rCorr Stlth-}
 53361 | Elf:3    | Identified the +7 war axe of the Dwarven Hall {pain, Int+4}
 53363 | Elf:3    | Identified the cursed +1 robe of the Ten Nightingales
                  | {Stlth+}
 53443 | Elf:3    | Identified the +2 pair of gloves of Cowardice {rC++}
 53484 | Elf:3    | Identified the +1 scale mail of the Monk {+Inv rN+ Dex+2}
 53546 | Elf:3    | Found the +0 Maxwell's etheric cage {RegenMP+ *Contam rElec
                  | Stlth-}
 53931 | Lair:3   | Killed Sadonosm's ghost
 54304 | Lair:6   | Killed foxfromabyss's ghost
 54368 | Slime:1  | Entered Level 1 of the Pits of Slime
 55419 | Slime:5  | Entered Level 5 of the Pits of Slime
 56047 | Slime:5  | Reached skill level 15 in Fighting
 56047 | Slime:5  | Noticed the Royal Jelly
 56063 | Slime:5  | Killed the Royal Jelly
 56064 | Slime:5  | Reached skill level 10 in Evocations
 56101 | Slime:5  | Identified the Collected Works on Captivating Snow
 56112 | Slime:5  | Got a slimy rune of Zot
 56113 | Slime:5  | Identified the ring of Ytaniot {+Fly rElec}
 56115 | Slime:5  | Identified the +1 scale mail "Mugg" {-Cast +Inv rPois SInv}
 56153 | Slime:5  | Identified the cursed +0 arbalest of Ydur {venom, Str+5}
 56168 | Slime:5  | Identified the +2 pair of gloves of the Hanged Man {Slay+5}
 56198 | Slime:5  | Identified the ring "Sexte" {rF- rC+ rN+ Str+3 Stlth++}
 56219 | Slime:5  | Identified the +1 great mace of Blind Justice {antimagic,
                  | rN+ Str+4}
 56231 | Slime:5  | Learned a level 2 spell: Blink
 56576 | Zot:1    | Entered Level 1 of the Realm of Zot
 56644 | Zot:1    | Noticed an orb of fire
 56646 | Zot:1    | Noticed a golden dragon
 56647 | Zot:1    | Noticed Mehrunes's ghost (master DrCj)
 56653 | Zot:1    | Found a transporter.
 56656 | Zot:1    | Noticed a golden dragon
 56826 | Zot:1    | Found a transporter.
 56901 | Zot:1    | Reached XP level 25. HP: 207/213 MP: 28/37
 57457 | Zot:1    | Learned a level 6 spell: Aura of Abjuration
 58073 | Zot:2    | Noticed an orb of fire
 58083 | Zot:2    | Killed an orb of fire
 58786 | Zot:2    | Learned a level 7 spell: Malign Gateway
 58825 | Zot:2    | Noticed an ancient lich
 58832 | Zot:2    | Noticed a Killer Klown
 58832 | Zot:2    | Killed an ancient lich
 58861 | Zot:1    | Killed a Killer Klown
 59253 | Zot:2    | Noticed a golden dragon
 59264 | Zot:2    | Killed a golden dragon
 59913 | Zot:3    | Identified the +7 halberd of the Desert {pain, rF- rC+
                  | Stlth+}
 60786 | Zot:4    | Reached skill level 25 in Summonings
 60876 | Zot:4    | Noticed a Killer Klown
 60889 | Zot:4    | Killed a Killer Klown
 61072 | Zot:4    | Noticed an orb of fire
 61094 | Zot:4    | Killed an orb of fire
 61168 | Zot:4    | Reached XP level 26. HP: 205/221 MP: 37/39
 61812 | Zot:5    | Entered Level 5 of the Realm of Zot
 62699 | Zot:5    | Noticed an ancient lich
 62705 | Zot:5    | Killed an ancient lich
 62706 | Zot:5    | Reached skill level 26 in Summonings
 62845 | Zot:5    | Noticed an ancient lich
 62852 | Zot:5    | Noticed an orb of fire
 62855 | Zot:5    | Noticed an orb of fire
 62860 | Zot:5    | Killed an ancient lich
 62860 | Zot:5    | Killed an orb of fire
 62866 | Zot:5    | Noticed an orb of fire
 62866 | Zot:5    | Noticed an orb of fire
 62870 | Zot:5    | Killed an orb of fire
 62876 | Zot:5    | Killed an orb of fire
 62896 | Zot:5    | Killed an orb of fire
 62902 | Zot:5    | Killed an orb of fire
 63057 | Zot:5    | Noticed a Killer Klown
 63061 | Zot:5    | Noticed an ancient lich
 63070 | Zot:5    | Killed an ancient lich
 63071 | Zot:5    | Reached skill level 27 in Summonings
 63072 | Zot:5    | Noticed an ancient lich
 63081 | Zot:5    | Killed a Killer Klown
 63084 | Zot:5    | Killed an ancient lich
 63104 | Zot:5    | Noticed an orb of fire
 63110 | Zot:5    | Gained mutation: You tend to lose your temper in combat.
                  | [an orb of fire]
 63113 | Zot:5    | Killed an orb of fire
 63148 | Zot:5    | Noticed an ancient lich
 63159 | Zot:5    | Noticed an ancient lich
 63173 | Zot:5    | Killed an ancient lich
 63173 | Zot:5    | Noticed an ancient lich
 63177 | Zot:5    | Killed from afar by an ancient lich

Skill      XL: |  1  2  3  4  5  6  7  8  9 10 11 12 13 14 15 16 17 18 19 20 21 22 23 24 25 26 |
---------------+-------------------------------------------------------------------------------+-----
Hexes          | 2 3 5 7 9 10 | 10.0
Fighting       | 3 4 5 7 10 11 12 13 15 | 15.0
Invocations    | 1 2 3 5 7 9 10 12 | 12.0
Dodging        | 1 2 3 5 6 8 9 10 12 13 | 13.7
Evocations     | 2 3 4 5 10 12 13 | 13.0
Spellcasting   | 2 3 5 6 10 12 | 12.0
Shields        | 3 4 5 6 9 10 12 | 12.0
Long Blades    | 3 4 5 |  5.0
Slings         | 2 6 8 12 | 12.0
Fire Magic     | 2 5 |  5.0
Charms         | 6 |  6.0
Summonings     | 2 4 5 8 10 12 17 20 22 23 24 25 27 | 27.0
Transmutations | 5 8 12 | 12.0
Poison Magic   | 5 8 12 | 12.0
Stealth        | 5 |  5.0
Translocations | 5 8 |  8.0

Action                   |  1- 3 |  4- 6 |  7- 9 | 10-12 | 13-15 | 16-18 | 19-21 | 22-24 | 25-27 || total
-------------------------+-------+-------+-------+-------+-------+-------+-------+-------+-------++-------
Melee: Falchion          |   113 |   221 |   494 |       |       |       |       |       |       ||   828
       Tailslap          |    20 |    26 |   117 |   220 |   202 |   283 |   217 |    55 |    14 ||  1154
       Long sword        |       |       |    42 |   762 |   678 |   245 |       |       |       ||  1727
       Scimitar          |       |       |       |       |       |   769 |   566 |       |       ||  1335
       Double sword      |       |       |       |       |       |       |    32 |    14 |       ||    46
       Staff             |       |       |       |       |       |       |    67 |   132 |    30 ||   229
 Fire: Hunting sling     |       |       |    84 |   196 |    63 |   732 |    48 |       |       ||  1123
       Blowgun           |       |       |     1 |       |       |    64 |     8 |     5 |       ||    78
Throw: Throwing net      |       |       |       |       |       |       |       |       |     2 ||     2
 Cast: Infusion          |       |       |       |     9 |    17 |    14 |       |       |       ||    40
       Song of Slaying   |       |       |       |       |     9 |     7 |       |       |       ||    16
       Inner Flame       |       |       |       |       |       |     2 |       |       |       ||     2
       Corona            |       |       |       |       |       |     1 |       |       |       ||     1
       Infestation       |       |       |       |       |       |    25 |   123 |    85 |    35 ||   268
       Summon Forest     |       |       |       |       |       |       |    41 |    70 |    17 ||   128
       Summon Hydra      |       |       |       |       |       |       |    22 |     5 |     1 ||    28
       Summon Horrible T |       |       |       |       |       |       |    16 |   179 |   117 ||   312
       Dragon's Call     |       |       |       |       |       |       |     1 |     5 |     5 ||    11
       Regeneration      |       |       |       |       |       |       |       |     2 |     6 ||     8
       Malign Gateway    |       |       |       |       |       |       |       |       |    10 ||    10
       Blink             |       |       |       |       |       |       |       |       |     1 ||     1
Invok: Bend Time         |     1 |     2 |     7 |    22 |    21 |    30 |     6 |       |       ||    89
       Step From Time    |       |       |       |       |       |     5 |     2 |       |     1 ||     8
Evoke: Wand              |       |     1 |     5 |     9 |     3 |    25 |    21 |    11 |     2 ||    77
       Lightning rod     |       |       |       |       |     3 |     5 |       |     4 |       ||    12
       Lamp of fire      |       |       |       |       |       |     2 |     5 |       |       ||     7
       Phantom mirror    |       |       |       |       |       |       |     1 |     2 |     2 ||     5
       Sack of spiders   |       |       |       |       |       |       |     2 |     3 |     4 ||     9
       Phial of floods   |       |       |       |       |       |       |       |       |     4 ||     4
       Box of beasts     |       |       |       |       |       |       |       |       |     1 ||     1
  Use: Scroll            |     5 |     1 |     9 |    13 |     3 |    26 |    27 |     5 |     5 ||    94
       Potion            |       |       |       |     2 |     2 |    13 |     9 |     3 |    11 ||    40
 Stab: Sleeping          |     8 |     8 |    18 |    13 |       |     7 |     5 |       |       ||    59
       Paralysed         |       |    11 |    21 |       |    16 |     8 |     4 |       |       ||    60
       Distracted        |       |       |       |     3 |       |     2 |    22 |     6 |     3 ||    36
       Confused          |       |       |       |       |       |     1 |       |       |       ||     1
  Eat: Chunk             |     5 |    11 |    28 |    37 |    27 |    56 |    33 |    47 |    11 ||   255
       Ration            |       |       |     1 |     3 |     1 |    10 |    22 |    13 |     4 ||    54
Armor: Skin              |    49 |    66 |   123 |   258 |   206 |   526 |   291 |   146 |    47 ||  1712
Dodge: Dodged            |    27 |    76 |   161 |   354 |   570 |  1580 |   807 |   357 |   138 ||  4070
Block: Medium shield     |    47 |   116 |   438 |   961 |   891 |   791 |       |       |       ||  3244
       Reflection        |       |       |     8 |     8 |       |    31 |    36 |    22 |       ||   105
       Buckler           |       |       |       |       |       |   706 |   601 |   247 |    64 ||  1618
       Other             |       |       |       |       |       |     1 |     1 |       |       ||     2
